 Dungeon Crawl Stone Soup version 0.30.1-3-gfc49f6343a (webtiles) character file.

Game seed: 16931020923077120630

9190 magicsmoker the Destroyer (level 11, -13/60 HPs)
             Began as a Deep Elf Conjurer on July 31, 2023.
             Was a Priest of Vehumet.
             Shot with an arrow by a centaur warrior (17 damage)
             ... on level 13 of the Dungeon.
             The game lasted 01:11:05 (9761 turns).

magicsmoker the Destroyer (Deep Elf Conjurer)       Turns: 9761, Time: 01:11:06

Health: -13/60     AC: 11    Str:  4    XL:     11   Next: 19%
Magic:  20/26      EV: 12    Int: 31    God:    Vehumet [***...]
Gold:   311        SH:  0    Dex: 19    Spells: 11/28 levels left

rFire   + . .        K - +4 scimitar (flame)
rCold   + . .        (no shield)
rNeg    . . .        J - +3 acid dragon scales
rPois   .            a - +0 helmet {Int+3}
rElec   .            v - scarf {rC+ rF+}
rCorr   +            h - +2 pair of gloves
SInv    .            (no boots)
Will    +....        e - amulet of magic regeneration
Stlth   ++           E - +6 ring of dexterity
HPRegen 0.30/turn    D - ring of resist corrosion
MPRegen 0.60/turn

%: no passive effects
@: spiked, corroded
A: no striking features
a: Renounce Religion


You were on level 13 of the Dungeon.
You worshipped Vehumet.
Vehumet was most pleased with you.
You visited 2 branches of the dungeon, and saw 12 of its levels.

You collected 507 gold pieces.
You spent 196 gold pieces at shops.

Inventory:

Hand Weapons
 H - a +5 scimitar
 K - a +4 scimitar of flaming (weapon)
Missiles
 f - 18 poisoned darts
Armour
 a - a +0 helmet of intelligence (worn)
 h - a +2 pair of gloves (worn)
 v - a scarf of resistance (worn)
 J - +3 acid dragon scales (worn)
Jewellery
 e - an amulet of magic regeneration (around neck)
 s - a ring of ice
 y - an amulet of regeneration
 D - a ring of resist corrosion (right hand)
 E - a +6 ring of dexterity (left hand)
Wands
 c - a wand of charming (12)
 C - a wand of digging (13)
Scrolls
 d - 8 scrolls of teleportation {unknown}
 i - 4 scrolls of fog
 k - a scroll of blinking
 q - 4 scrolls of poison
 r - a scroll of amnesia {unknown}
 x - a scroll of enchant weapon
 z - a scroll of silence {unknown}
 B - 2 scrolls of fear
Potions
 b - a potion of magic
 g - 4 potions of brilliance {unknown}
 j - a potion of invisibility {unknown}
 l - a potion of flight {unknown}
 m - 3 potions of heal wounds
 n - 7 potions of curing
 o - a potion of mutation {unknown}
 t - 2 potions of resistance {unknown}
 w - a potion of haste {unknown}
 A - 3 potions of lignification
 F - 2 potions of cancellation {unknown}


   Skills:
 - Level 3.0 Fighting
 - Level 6.0 Armour
 - Level 4.0 Dodging
 - Level 2.4 Stealth
 + Level 9.4 Spellcasting
 - Level 10.7 Conjurations
 + Level 9.1 Hexes
 - Level 8.0 Translocations
 + Level 2.2 Fire Magic


You had 11 spell levels left.
You knew the following spells:

 Your Spells              Type           Power      Damage    Failure   Level
a - Magic Dart            Conj           100%       1d8       1%          1
b - Searing Ray           Conj           100%       2d8       1%          2
c - Iskenderun's Mystic   Conj/Tloc      64%        2d13      1%          4
d - Fulminant Prism       Conj/Hex       33%        3d16      1%          4
e - Blink                 Tloc           100%       N/A       1%          2
f - Foxfire               Conj/Fire      100%       2x1d9     1%          1
g - Volatile Blastmotes   Fire/Tloc      92%        2d17      1%          3

Your spell library contained the following spells:

 Spells                   Type           Power      Damage    Failure   Level
 Sticky Flame             Conj/Fire      53%        2d7       1%          4
 Apportation              Tloc           100%       N/A       1%          1
 Lesser Beckoning         Tloc           100%       N/A       1%          2
 Momentum Strike          Conj/Tloc      100%       3d10      1%          2
 Dazzling Flash           Conj/Hex       100%       N/A       1%          3
 Silence                  Hex/Air        21%        N/A       32%         5
 Lee's Rapid Deconstruct  Erth           7%         3d6*      45%         5
 Agony                    Necr           14%        N/A       91%         5
 Alistair's Intoxication  Tmut/Pois      9%         N/A       91%         5


Dungeon Overview and Level Annotations

Branches:
Dungeon (10/15)            Temple (1/1) D:5             Orc (0/2) D:9
   Lair: D:8-11

Altars:
Ashenzari
Cheibriados
Dithmenos
Elyvilon
Fedhas
Gozag
Hepliaklqana
Kikubaaqudgha
Makhleb
Nemelex Xobeh
Okawaru
Qazlal
Ru
Sif Muna
Trog
Uskayaw
Vehumet
Wu Jian
Xom
Yredelemnul
Zin

Shops:
D:6 *   D:9 !


Message History

You feel your power returning.
The acid dragon scales are intact enough to wear.
The searing ray hits the manticore!
The manticore is severely wounded.
A centaur warrior comes into view.
A vampire mosquito comes into view.
The tarantella completely misses you.
The manticore flicks its tail.
The volley of spikes hits you!
The barbed spikes become lodged in your body.
The vampire mosquito buzzes angrily.
Casting: Searing Ray (safe; 1% risk of failure)
Confirm with . or Enter, or press ? or * to list all spells.
You erupt in a blast of force!
The mystic blast hits the manticore!
The manticore is almost dead.
The manticore is knocked back by the mystic blast.
The manticore slams into the rock wall!
You kill the manticore!
Vehumet accepts your kill.
The mystic blast hits the centaur warrior!
The centaur warrior is moderately wounded.
The centaur warrior is knocked back by the mystic blast.
The centaur warrior slams into the rock wall!
The centaur warrior is heavily wounded.
The mystic blast hits the tarantella!!
You kill the tarantella!
Vehumet accepts your kill.
You feel your power returning.
The centaur warrior wields a +0 longbow.
The centaur warrior shoots an arrow.
The arrow hits you!
* * * LOW HITPOINT WARNING * * *
Your Hexes skill increases to level 9!
Your Fire Magic skill increases to level 2!
Unknown command.
The barbs in your skin will harm you if you move.
Continue?
Okay, then.
Blink to where?
Press: ? - help, Dir - move target
As you read the scroll of blinking, it crumbles to dust.
The centaur warrior shoots an arrow.
The arrow hits you!
You die...

,,* *,,*.......##.#..# # ,,*
***,,......##.#..#####******#
*** #####.#..##.#..#...,,,,,,,#
* ###........##.#..#.###*****,#
* *?†#.......##.#......,,,,,,,#
* **#.#..#...##.#.##.##########
**###[#...#...................
*,#...§#....##.#.##.##########
*#.###.y.....@.#......,,,,,,,,
***,.c..#..##.#####.##*******
****,#.#..........,,,..,,,,,,,,
*,***.#..#...#####.#*.##*******
**,,##..#......,,<,....,*
***,,.......##***,*#.#,*
*******,#,..#.# *,**,*,* *,*,*
*,*****,*****,**,*,* **,*,***,*
*,,,,,,,,,,*,*


You could see a centaur warrior and a vampire mosquito.

Vanquished Creatures
  Erica (D:8)
  A two-headed ogre (D:8)
  Pikel (D:9)
  A deep elf pyromancer (D:6)
  An ugly thing (D:9)
  A manticore (D:13)
  Maggie (D:8)
  A hornet (D:9)
  A tarantella (shapeshifter) (D:13)
  A shadow (D:9)
  A wraith (D:9)
  4 yaks (D:7)
  A wyvern (D:9)
  Grum (D:9)
  2 steam dragons
  3 water moccasins
  A two-headed ogre zombie (D:9)
  3 acid dragons
  An orc warrior (D:9)
  2 ice beasts
  4 sky beasts
  2 ogres
  3 wolves (D:9)
  2 centaurs
  3 phantoms
  A kobold brigand (D:8)
  3 bullfrogs
  A scorpion (D:6)
  A troll zombie (D:9)
  9 wights
  8 killer bees
  2 howler monkeys
  An electric eel (D:6)
  A jelly (D:7)
  6 orc priests
  2 hounds
  6 iguanas
  A sleepcap (D:6)
  3 orc wizards
  6 ogre zombies (D:9)
  7 adders
  3 white imps
  An ufetubus (D:5)
  5 worms
  3 dart slugs
  27 orcs
  3 bats (D:3)
  6 endoplasms
  4 giant cockroaches
  3 goblins (D:1)
  4 hobgoblins
  3 jackals (D:5)
  12 kobolds
  2 quokkas
  5 ball pythons
  3 frilled lizards
  2 goblin skeletons (D:9)
  3 goblin zombies (D:9)
  A hobgoblin skeleton (D:9)
  6 hobgoblin zombies (D:9)
  5 orc skeletons (D:9)
  8 orc zombies (D:9)
  3 rats
213 creatures vanquished.

Vanquished Creatures (others)
  23 foxfires (D:9)
  42 fulminant prisms
65 creatures vanquished.

Grand Total: 278 creatures vanquished

Notes
Turn   | Place    | Note
-------+----------+-------------------------------------------
     0 | D:1      | magicsmoker the Deep Elf Conjurer began the quest for the
                  | Orb.
     0 | D:1      | Reached XP level 1. HP: 10/10 MP: 6/6
   216 | D:1      | Reached XP level 2. HP: 15/15 MP: 3/8
   868 | D:1      | Learned a level 2 spell: Searing Ray
  1316 | D:2      | Reached skill level 5 in Conjurations
  1436 | D:2      | Reached XP level 3. HP: 19/19 MP: 7/10
  2407 | D:3      | Found an opulent altar of Gozag.
  2516 | D:3      | Reached XP level 4. HP: 24/24 MP: 4/12
  2521 | D:3      | Learned a level 4 spell: Iskenderun's Mystic Blast
  2526 | D:3      | Learned a level 4 spell: Fulminant Prism
  2974 | D:3      | Reached skill level 1 in Translocations
  3310 | D:3      | Reached skill level 6 in Conjurations
  3565 | D:4      | Reached XP level 5. HP: 28/28 MP: 6/13
  3932 | D:4      | Noticed a phantom
  3937 | D:4      | Killed a phantom
  4238 | D:5      | Entered Level 5 of the Dungeon
  4396 | D:5      | Reached XP level 6. HP: 32/32 MP: 8/14
  4699 | D:5      | Found a staircase to the Ecumenical Temple.
  4705 | Temple   | Entered the Ecumenical Temple
  4803 | Temple   | Became a worshipper of Vehumet
  4994 | D:6      | Noticed an ice beast
  5000 | D:6      | Killed an ice beast
  5001 | D:6      | Reached skill level 5 in Translocations
  5232 | D:6      | Found Itwauv's General Store.
  5234 | D:6      | Found Usheimew's Specific Store.
  5241 | D:6      | Reached skill level 1 in Hexes
  5294 | D:6      | Reached XP level 7. HP: 36/36 MP: 10/15
  5351 | D:6      | Bought a potion of curing for 39 gold pieces
  5371 | D:6      | Noticed a steam dragon
  5383 | D:6      | Killed a steam dragon
  5517 | D:6      | Reached skill level 7 in Conjurations
  5604 | D:6      | Learned a level 2 spell: Blink
  5855 | D:6      | Noticed a deep elf pyromancer
  5862 | D:6      | Killed a deep elf pyromancer
  5863 | D:6      | Reached skill level 8 in Conjurations
  5863 | D:6      | Reached XP level 8. HP: 23/41 MP: 7/16
  6447 | D:6      | Bought a scroll of enchant armour for 97 gold pieces
  6475 | D:7      | Reached skill level 1 in Fighting
  6484 | D:7      | Reached * piety under Vehumet
  6484 | D:7      | Offered knowledge of Foxfire by Vehumet.
  6574 | D:6      | Learned a level 1 spell: Foxfire
  6638 | D:7      | Reached skill level 5 in Spellcasting
  6829 | D:7      | Reached skill level 9 in Conjurations
  6878 | D:7      | Found an ancient bone altar of Kikubaaqudgha.
  6892 | D:7      | Reached XP level 9. HP: 42/49 MP: 12/19
  7235 | D:7      | Reached skill level 10 in Conjurations
  7757 | D:8      | Reached ** piety under Vehumet
  7769 | D:8      | Noticed Maggie
  7774 | D:8      | Offered knowledge of Shock by Vehumet.
  7783 | D:8      | Killed Maggie
  7784 | D:8      | Reached XP level 10. HP: 13/56 MP: 7/25
  7954 | D:8      | Noticed Erica
  7961 | D:8      | Noticed a two-headed ogre
  7974 | D:8      | Killed Erica
  7976 | D:8      | Killed a two-headed ogre
  8693 | D:9      | Found Niuruqal's Distillery.
  8700 | D:9      | Bought a potion of degeneration for 15 gold pieces
  8700 | D:9      | Bought a potion of attraction for 45 gold pieces
  8721 | D:9      | Reached skill level 5 in Armour
  8845 | D:9      | Noticed a green ugly thing
  8845 | D:9      | Noticed Grum
  8851 | D:9      | Killed Grum
  8851 | D:9      | Killed a green ugly thing
  8937 | D:9      | Noticed Pikel
  8943 | D:9      | Killed Pikel
  8943 | D:9      | Offered knowledge of Inner Flame by Vehumet.
  9093 | D:9      | Reached *** piety under Vehumet
  9094 | D:9      | Reached XP level 11. HP: 60/60 MP: 20/26
  9218 | D:9      | Learned a level 3 spell: Volatile Blastmotes
  9252 | D:9      | Found a staircase to the Orcish Mines.
  9259 | D:9      | Offered knowledge of Sticky Flame by Vehumet.
  9261 | D:9      | Reached skill level 1 in Fire Magic
  9660 | D:9      | Found an iron altar of Okawaru.
  9669 | D:9      | Found a white marble altar of Elyvilon.
  9696 | D:10     | Entered Level 10 of the Dungeon
  9717 | D:10     | You fall into a shaft and drop 3 floors!
  9720 | D:13     | Identified a scroll of acquirement
  9720 | D:13     | Acquired a +0 helmet of intelligence
  9759 | D:13     | Noticed a centaur warrior
  9760 | D:13     | HP: 3/60 [centaur warrior/arrow (16)]
  9761 | D:13     | Shot with an arrow by a centaur warrior

Illustrated notes

Levels and vault maps discovered:
D:1:      sevenhm_arrival_forest_fort_small_6, layout_loops_corners
D:2:      minmay_skewed_foursquare, layout_basic
D:3:      layout_basic, nicolae_gozag_seed_capital
D:4:      layout_basic
D:5:      layout_cave_pools, minmay_temple_entry_waves
D:6:      layout_loops_ring, nicolae_specific_store, kennysheep_cluttered_room,
          hex_large, guppyfry_early_elven_hall
D:7:      layout_basic, lemuel_round_altar, nicolae_benzene_ring,
          grunt_ministairs_1
D:8:      layout_rooms, corexii_checkpoint_a, uniq_erica, uniq_maggie
D:9:      layout_loops_ring, mainiacjoe_overflow_swirl, zombieorc2_lemuel,
          serial_shops, shop, uniq_grum, uniq_pikel
D:10:     layout_basic, mainiacjoe_overflow_tiny_flanked, eino_house_with_fridge
D:13:     layout_basic, gauntlet_entry_generic, minmay_increasing_density,
          uniq_frances
Temple:   minmay_temple_bridge_d

Skill      XL: |  1  2  3  4  5  6  7  8  9 10 11 |
---------------+----------------------------------+-----
Spellcasting   | 4 5 9 |  9.4
Conjurations   | 5 6 8 9 10 | 10.7
Translocations | 2 4 6 7 8 |  8.0
Hexes          | 2 6 8 9 |  9.1
Fighting       | 2 3 |  3.0
Dodging        | 4 |  4.0
Armour         | 6 |  6.0
Fire Magic     | 2 |  2.2
Stealth        | |  2.4

Action                     |  1- 3 |  4- 6 |  7- 9 | 10-12 || total
---------------------------+-------+-------+-------+-------++-------
  Melee: Dagger            |       |     1 |       |       ||     1
         Trident           |       |       |     2 |       ||     2
   Cast: Magic Dart        |    29 |     1 |       |       ||    30
         Searing Ray       |    22 |    40 |    49 |    30 ||   141
         Fulminant Prism   |       |       |     6 |    36 ||    42
         Iskenderun's Myst |       |       |     5 |     9 ||    14
         Foxfire           |       |       |       |    13 ||    13
    Use: Scroll            |       |     4 |     3 |     9 ||    16
   Stab: Sleeping          |       |     1 |       |       ||     1
 Armour: Robe              |     1 |    11 |    27 |       ||    39
         Acid dragon scale |       |       |       |    13 ||    13
  Dodge: Dodged            |     4 |    17 |    54 |    20 ||    95
